River Frogs vs Thunder
Created - January 22, 2020 at 19:21
Goals
|
| River Frogs |
3 |
0 |
1 |
4 |
| Thunder |
2 |
2 |
2 |
6 |
|
Shots
|
| River Frogs |
9 |
5 |
12 |
26 |
| Thunder |
7 |
12 |
15 |
34 |
|
1st period
1. River Frogs , Shea Theodore 3 (Ryan Fitzgerald 5) at 3:19
2. Thunder , Eric Fehr 24 (Olli Maatta 4) at 4:22
3. River Frogs , Matt Calvert 21 (Christian Hanson 41, Andrew Gordon 17) at 12:35 (PP)
4. Thunder , Dany Roussin 21 (Eric Fehr 32, William Karlsson 32) at 15:28
5. River Frogs , James Livingstone 2 (Aaron Ness 9, Shane Sims 9) at 16:23
Penalties :
Anthony Bitetto (Lou) for Holding (Minor) at 0:33, Derek Forbort (TRO) for Hooking (Minor) at 12:20
2nd period
6. Thunder , Zach Stepan 10 (Jamie McGinn 12, Austin Poganski 4) at 1:07
7. Thunder , Zach Stepan 11 (Jamie McGinn 13, Peter Andersson 12) at 4:09
Penalties :
Leon Draisaitl (Lou) for High sticking (Minor) at 1:48, Derek Forbort (TRO) for High sticking (Minor) at 5:56, Jamie McGinn (TRO) for Boarding (Minor) at 8:23, Shea Theodore (Lou) for Hooking (Minor) at 19:31
3rd period
8. Thunder , Joey Ryan 6 (Eric Fehr 33, Dany Roussin 23) at 0:12 (PP)
9. River Frogs , Justin Florek 11 (Aaron Ness 10, Emerson Etem 25) at 9:04 (PP)
10. Thunder , Jamie McGinn 13 (Olli Maatta 5, Joey Ryan 11) at 18:54
Penalties :
Derek Forbort (TRO) for Interference (Minor) at 2:53, Trevor Lewis (TRO) for Slashing (Minor) at 5:20, Emil Johansson (TRO) for Hooking (Minor) at 7:47, Leon Draisaitl (Lou) for Hooking (Minor) at 14:39, Jamie McGinn (TRO) for Interference (Minor) at 19:30
Goalie Stats
Phoenix Copley (Lou), 16 saves from 21 shots - (0.762), L, 7-5-2, 40:12 minutes
Thomas Greiss (Lou), 12 saves from 13 shots - (0.923), 19:48 minutes
Niklas Treutle (TRO), 22 saves from 26 shots - (0.846), W, 10-14-2, 60:00 minutes
Players Stats for River Frogs
Player Name G A P +/- PIM S H SB GA TA FO MP PP MP PK MP
------------------------------------------------------------------------------------
Aaron Ness 0 2 2 -1 0 0 2 2 1 0 0/0 21:20 4:41 2:59
Andrew Gordon 0 1 1 -1 0 3 1 0 0 0 2/6 21:37 4:57 3:35
Anthony Bitetto 0 0 0 -2 2 1 1 2 0 1 0/0 27:43 5:04 2:36
Austin Watson 0 0 0 -2 0 1 0 1 0 0 0/0 10:46 0:00 0:00
Christian Hanson 0 1 1 -1 0 2 1 1 1 0 12/28 22:12 4:57 3:53
David Kolomatis 0 0 0 0 0 1 0 0 0 0 0/0 10:09 0:12 0:00
Emerson Etem 0 1 1 -2 0 1 0 0 2 0 0/0 18:44 4:52 2:02
James Livingstone 1 0 1 2 0 2 1 0 1 0 0/0 7:28 0:08 0:00
Jared Knight 0 0 0 -2 0 0 1 1 1 0 4/9 13:45 0:08 1:45
Joakim Nordstrom 0 0 0 2 0 0 1 0 0 0 0/0 7:41 0:00 1:14
Justin Florek 1 0 1 -2 0 3 2 0 0 0 0/1 17:00 4:52 0:00
Leon Draisaitl 0 0 0 -2 4 2 5 0 0 0 6/9 17:42 4:52 0:47
Matt Calvert 1 0 1 -1 0 4 0 0 1 0 0/0 18:02 4:57 0:00
Ondrej Kase 0 0 0 -2 0 1 0 0 0 0 1/1 11:47 0:08 0:00
Ryan Fitzgerald 0 1 1 2 0 0 0 0 0 0 1/1 6:20 0:00 0:00
Shane Sims 0 1 1 -1 0 1 1 1 1 1 0/0 21:20 4:41 2:59
Shea Theodore 1 0 1 0 2 3 0 0 0 0 0/0 11:11 0:12 1:03
Timothy Kunes 0 0 0 -2 0 1 3 0 1 0 0/0 28:31 5:04 3:39
Players Stats for Thunder
Player Name G A P +/- PIM S H SB GA TA FO MP PP MP PK MP
------------------------------------------------------------------------------------
Artur Gavrus 0 0 0 0 0 0 0 0 0 0 0/0 0:00 0:00 0:00
Austin Poganski 0 1 1 1 0 1 1 0 0 0 0/0 11:52 0:07 0:00
Austin Wuthrich 0 0 0 0 0 0 4 0 0 1 0/1 16:25 2:53 0:00
Colby Cave 0 0 0 0 0 0 0 0 0 0 0/0 1:50 0:07 0:00
Dany Roussin 1 1 2 2 0 3 0 0 0 1 0/2 21:35 3:38 5:48
David Wolf 0 0 0 0 0 3 0 0 0 0 1/2 17:47 2:53 1:19
Derek Forbort 0 0 0 1 6 1 1 1 0 0 0/0 17:58 2:41 2:25
Emil Johansson 0 0 0 0 2 0 0 0 0 0 0/0 3:53 0:00 0:04
Eric Fehr 1 2 3 2 0 6 2 0 0 0 9/12 25:33 3:38 5:46
Gianluca Curcuruto 0 0 0 0 0 1 0 0 0 0 0/0 9:11 0:13 0:00
Jamie McGinn 1 2 3 1 4 4 2 0 0 2 0/0 11:57 0:00 0:00
Jarrod Maidens 0 0 0 0 0 0 0 0 0 0 0/0 2:14 0:00 1:42
Jesper Pettersson 0 0 0 0 0 1 1 1 0 1 0/0 10:09 0:00 1:39
Joey Ryan 1 1 2 2 0 3 0 5 0 0 0/0 27:23 3:44 5:49
Jordan Weal 0 0 0 0 0 0 0 0 0 0 2/3 5:04 0:00 0:00
Mackenze Stewart 0 0 0 0 0 0 0 0 0 0 0/0 3:42 0:00 0:00
Michael Schumacher 0 0 0 0 0 0 0 0 0 0 0/0 0:00 0:00 0:00
Nikolay Prokhorkin 0 0 0 0 0 0 0 0 0 0 0/0 4:58 0:00 0:00
Olli Maatta 0 2 2 2 0 3 1 2 0 0 0/0 27:23 3:44 5:49
Peter Andersson 0 1 1 1 0 2 3 4 0 1 0/0 20:25 2:54 4:08
Trevor Lewis 0 0 0 0 2 0 3 0 0 2 4/7 19:14 2:53 2:19
Vincent Dunn 0 0 0 0 0 0 0 0 0 0 0/0 0:51 0:07 0:00
William Karlsson 0 1 1 2 0 2 0 1 1 0 13/23 19:00 3:38 3:00
Zach Stepan 2 0 2 1 0 4 0 0 1 1 0/5 11:32 0:00 0:00
3 Stars
1 - Eric Fehr (TRO)
2 - Zach Stepan (TRO)
3 - Joey Ryan (TRO)
Power Play
River Frogs - 2 on 7 Attempt(s) - 28.57%
Thunder - 1 on 4 Attempt(s) - 25.00%
Penalty Kill
River Frogs - 3 on 4 Attempt(s) - 75.00%
- Score 0 goal in Penalty Kill
Thunder - 5 on 7 Attempt(s) - 71.43%
- Score 0 goal in Penalty Kill
Team Stat
River Frogs - Hits : 19 - Faceoff Wins : 26 - Blocked Shots : 8 - Penalty Minutes : 8
Thunder - Hits : 18 - Faceoff Wins : 29 - Blocked Shots : 14 - Penalty Minutes : 14
Official
Referees : Unknown
Linesman : Unknown
Game Notes
Thomas Greiss enters game at 0:12 of 3rd period
Finance
Level 1 -- Attendance: 1451 (72.55%) -- Ticket Income $58,040
Level 2 -- Attendance: 677 (67.70%) -- Ticket Income $13,540
Total Attendance: 2128 (70.93%)
Total Ticket Income: $71,580
Other Income: $3,579
Total Income: $75,159
River Frogs
5 vs 5 Forward
Center Left Wing Right Wing Time % Phy DF OF
1 Christian Hanson Matt Calvert Andrew Gordon 40 1 2 2
2 Leon Draisaitl Justin Florek Emerson Etem 30 1 2 2
3 Jared Knight Austin Watson Ondrej Kase 20 1 2 2
4 Ryan Fitzgerald Joakim Nordstrom James Livingstone 10 1 2 2
5 vs 5 Defense
Defense Defense Time % Phy DF OF
1 Anthony Bitetto Timothy Kunes 40 1 2 2
2 Shane Sims Aaron Ness 30 1 2 2
3 David Kolomatis Shea Theodore 20 1 2 2
4 Anthony Bitetto Timothy Kunes 10 1 2 2
PowerPlay Forward
Center Left Wing Right Wing Time % Phy DF OF
1 Christian Hanson Matt Calvert Andrew Gordon 60 1 2 2
2 Leon Draisaitl Justin Florek Emerson Etem 40 1 2 2
PowerPlay Defense
Defense Defense Time % Phy DF OF
1 Anthony Bitetto Timothy Kunes 60 1 2 2
2 Shane Sims Aaron Ness 40 1 2 2
Penalty Kill 4 Players Forward
Center Wing Time % Phy DF OF
1 Andrew Gordon Christian Hanson 60 1 2 2
2 Emerson Etem Leon Draisaitl 40 1 2 2
Penalty Kill 4 Players Defense
Defense Defense Time % Phy DF OF
1 Anthony Bitetto Timothy Kunes 60 1 2 2
2 Shane Sims Aaron Ness 40 1 2 2
Penalty Kill - 3 Players Forward
Forward Time % Phy DF OF
1 Andrew Gordon 60 1 2 2
2 Christian Hanson 40 1 2 2
Penalty Kill - 3 Players Defense
Defense Defense Time % Phy DF OF
1 Anthony Bitetto Timothy Kunes 60 1 2 2
2 Shane Sims Aaron Ness 40 1 2 2
4 vs 4 Forward
Center Wing Time % Phy DF OF
1 Andrew Gordon Christian Hanson 60 1 2 2
2 Emerson Etem Leon Draisaitl 40 1 2 2
4 vs 4 Defense
Defense Defense Time % Phy DF OF
1 Anthony Bitetto Timothy Kunes 60 1 2 2
2 Shane Sims Aaron Ness 40 1 2 2
Last Minutes Offensive
Center Left Wing Right Wing Defense Defense
Christian Hanson Matt Calvert Andrew Gordon Anthony Bitetto Timothy Kunes
Last Minutes Defensive
Center Left Wing Right Wing Defense Defense
Christian Hanson Matt Calvert Andrew Gordon Anthony Bitetto Timothy Kunes
Goaltenders
Starting : Phoenix Copley
Backup : Thomas Greiss
Extra Forwards
Normal : James Livingstone, Ondrej Kase, Jared Knight - PP : James Livingstone, Ondrej Kase - PK : Jared Knight
Extra Defensemen
Normal : David Kolomatis, Shea Theodore, Shane Sims - PP : David Kolomatis - PK : Shea Theodore, Shane Sims
Penalty Shots
Andrew Gordon, Christian Hanson, Emerson Etem, Leon Draisaitl, Matt Calvert
Scratches
Maxim Mamin (Healthy), Mario Lucia (Healthy), Dillon Heatherington (Healthy), Ryan Wilson (Healthy), Francis Perron (Healthy)
Beau Starrett (Healthy), Richard Nejezchleb (Healthy)
Thunder
5 vs 5 Forward
Center Left Wing Right Wing Time % Phy DF OF
1 William Karlsson Dany Roussin Eric Fehr 40 1 2 2
2 Trevor Lewis David Wolf Austin Wuthrich 30 1 2 2
3 Zach Stepan Jamie McGinn Austin Poganski 20 1 2 2
4 Jordan Weal Nikolay Prokhorkin Eric Fehr 10 1 2 2
5 vs 5 Defense
Defense Defense Time % Phy DF OF
1 Olli Maatta Joey Ryan 40 1 2 2
2 Peter Andersson Derek Forbort 30 1 2 2
3 Gianluca Curcuruto Jesper Pettersson 20 1 2 2
4 Emil Johansson Mackenze Stewart 10 1 2 2
PowerPlay Forward
Center Left Wing Right Wing Time % Phy DF OF
1 William Karlsson Dany Roussin Eric Fehr 60 1 2 2
2 Trevor Lewis David Wolf Austin Wuthrich 40 1 2 2
PowerPlay Defense
Defense Defense Time % Phy DF OF
1 Olli Maatta Joey Ryan 60 1 2 2
2 Peter Andersson Derek Forbort 40 1 2 2
Penalty Kill 4 Players Forward
Center Wing Time % Phy DF OF
1 Eric Fehr Dany Roussin 60 1 2 2
2 William Karlsson Trevor Lewis 40 1 2 2
Penalty Kill 4 Players Defense
Defense Defense Time % Phy DF OF
1 Olli Maatta Joey Ryan 60 1 2 2
2 Peter Andersson Derek Forbort 40 1 2 2
Penalty Kill - 3 Players Forward
Forward Time % Phy DF OF
1 Eric Fehr 60 1 2 2
2 Dany Roussin 40 1 2 2
Penalty Kill - 3 Players Defense
Defense Defense Time % Phy DF OF
1 Olli Maatta Joey Ryan 60 1 2 2
2 Peter Andersson Derek Forbort 40 1 2 2
4 vs 4 Forward
Center Wing Time % Phy DF OF
1 Eric Fehr Dany Roussin 60 1 2 2
2 William Karlsson Trevor Lewis 40 1 2 2
4 vs 4 Defense
Defense Defense Time % Phy DF OF
1 Olli Maatta Joey Ryan 60 1 2 2
2 Peter Andersson Derek Forbort 40 1 2 2
Last Minutes Offensive
Center Left Wing Right Wing Defense Defense
William Karlsson Dany Roussin Eric Fehr Olli Maatta Joey Ryan
Last Minutes Defensive
Center Left Wing Right Wing Defense Defense
William Karlsson Dany Roussin Eric Fehr Olli Maatta Joey Ryan
Goaltenders
Starting : Niklas Treutle
Backup : Jussi Rynnas
Extra Forwards
Normal : Colby Cave, Vincent Dunn, Jarrod Maidens - PP : Colby Cave, Vincent Dunn - PK : Jarrod Maidens
Extra Defensemen
Normal : Gianluca Curcuruto, Jesper Pettersson, Emil Johansson - PP : Gianluca Curcuruto - PK : Jesper Pettersson, Emil Johansson
Penalty Shots
Eric Fehr, Dany Roussin, William Karlsson, Trevor Lewis, David Wolf
Scratches
Mikko Vainonen (Strained Right Knee Injury), Mason McDonald (Healthy)
% Time on Ice - River Frogs
Lines # - Real PCT - Wanted PCT - Time Play
Normal Forward
1 - 31% - 40% - 13:27
2 - 29% - 30% - 12:43
3 - 25% - 20% - 10:46
4 - 15% - 10% - 6:20
Normal Defense
1 - 41% - 40% - 17:53
2 - 31% - 30% - 13:31
3 - 23% - 20% - 9:57
4 - 4% - 10% - 1:55
PP Forward
1 - 51% - 60% - 5:05
2 - 49% - 40% - 4:52
PP Defense
1 - 53% - 60% - 5:16
2 - 47% - 40% - 4:41
PK Forward
1 - 69% - 60% - 4:36
2 - 31% - 40% - 2:02
PK Defense
1 - 55% - 60% - 3:39
2 - 45% - 40% - 2:59
PK3 Forward
1 - 0% - 60%
2 - 0% - 40%
PK3 Defense
1 - 0% - 60%
2 - 0% - 40%
44 Forward
1 - 0% - 60%
2 - 0% - 40%
44 Defense
1 - 0% - 60%
2 - 0% - 40%
Last Minute Offensive - 0:09
Last Minute Defensive - 0:00
Total
Forward - 60:00
Defense - 60:00
|
% Time on Ice - Thunder
Lines # - Real PCT - Wanted PCT - Time Play
Normal Forward
1 - 28% - 40% - 12:17
2 - 34% - 30% - 14:38
3 - 27% - 20% - 11:32
4 - 11% - 10% - 4:58
Normal Defense
1 - 42% - 40% - 18:18
2 - 30% - 30% - 12:55
3 - 20% - 20% - 8:30
4 - 9% - 10% - 3:42
PP Forward
1 - 57% - 60% - 3:45
2 - 43% - 40% - 2:53
PP Defense
1 - 60% - 60% - 3:57
2 - 40% - 40% - 2:41
PK Forward
1 - 70% - 60% - 6:57
2 - 30% - 40% - 3:00
PK Defense
1 - 58% - 60% - 5:49
2 - 42% - 40% - 4:08
PK3 Forward
1 - 0% - 60%
2 - 0% - 40%
PK3 Defense
1 - 0% - 60%
2 - 0% - 40%
44 Forward
1 - 0% - 60%
2 - 0% - 40%
44 Defense
1 - 0% - 60%
2 - 0% - 40%
Last Minute Offensive - 0:00
Last Minute Defensive - 0:00
Total
Forward - 60:00
Defense - 60:00
|
Play-by-Play
1st period
0:01 of 1st period - Christian Hanson wins face-off versus William Karlsson in neutral zone.
0:04 of 1st period - Slapshot by Matt Calvert.
0:04 of 1st period - Stopped by Niklas Treutle without a rebound.
0:05 of 1st period - William Karlsson wins face-off versus Christian Hanson in Thunder zone.
0:12 of 1st period - Wrist shot by Dany Roussin.
0:12 of 1st period - Stopped by Phoenix Copley with a rebound.
0:33 of 1st period - Minor Penalty to Anthony Bitetto for Holding.
0:34 of 1st period - Andrew Gordon wins face-off versus William Karlsson in River Frogs zone.
2:33 of 1st period - Penalty to Anthony Bitetto is over, Anthony Bitetto is back on ice.
3:17 of 1st period - Icing by Jesper Pettersson.
3:18 of 1st period - Ryan Fitzgerald wins face-off versus Zach Stepan in Thunder zone.
3:19 of 1st period - Slapshot by Shea Theodore.
3:19 of 1st period - Deflect By Zach Stepan.
3:19 of 1st period - Goal by Shea Theodore - River Frogs : 1 - Thunder : 0.
3:20 of 1st period - Trevor Lewis wins face-off versus Jared Knight in neutral zone.
3:25 of 1st period - Snap shot by David Wolf.
3:25 of 1st period - Stopped by Phoenix Copley without a rebound.
3:26 of 1st period - Ondrej Kase wins face-off versus Trevor Lewis in River Frogs zone.
3:26 of 1st period - Ondrej Kase is hit by Derek Forbort.
3:38 of 1st period - Wrist shot by Jared Knight.
3:38 of 1st period - Shot Misses the Net.
3:51 of 1st period - Icing by Jared Knight.
3:52 of 1st period - Jared Knight wins face-off versus William Karlsson in River Frogs zone.
3:57 of 1st period - Snap shot by Timothy Kunes.
3:57 of 1st period - Shot Misses the Net.
4:17 of 1st period - Jared Knight is hit by Olli Maatta and loses puck.
4:22 of 1st period - Snap shot by Eric Fehr.
4:22 of 1st period - Goal by Eric Fehr - River Frogs : 1 - Thunder : 1.
4:23 of 1st period - Christian Hanson wins face-off versus Trevor Lewis in neutral zone.
4:36 of 1st period - Wrist shot by Christian Hanson.
4:36 of 1st period - Stopped by Niklas Treutle without a rebound.
4:37 of 1st period - Leon Draisaitl wins face-off versus William Karlsson in Thunder zone.
5:07 of 1st period - Olli Maatta is hit by Andrew Gordon and loses puck.
5:22 of 1st period - James Livingstone is hit by Austin Wuthrich and loses puck.
6:45 of 1st period - Snap shot by Jared Knight.
6:45 of 1st period - Shot Misses the Net.
6:47 of 1st period - Slapshot by Timothy Kunes.
6:47 of 1st period - Shot Blocked by Joey Ryan.
9:16 of 1st period - David Kolomatis is hit by Eric Fehr and loses puck.
9:51 of 1st period - Wrist shot by Andrew Gordon.
9:51 of 1st period - Stopped by Niklas Treutle without a rebound.
9:52 of 1st period - Christian Hanson wins face-off versus Austin Wuthrich in Thunder zone.
11:16 of 1st period - Jamie McGinn is hit by Christian Hanson and loses puck.
12:01 of 1st period - Backhand shot by Joakim Nordstrom.
12:01 of 1st period - Shot Misses the Net.
12:20 of 1st period - Minor Penalty to Derek Forbort for Hooking.
12:21 of 1st period - Eric Fehr wins face-off versus Christian Hanson in Thunder zone.
12:35 of 1st period - Slapshot by Matt Calvert.
12:35 of 1st period - Goal by Matt Calvert - River Frogs : 2 - Thunder : 1.
12:36 of 1st period - William Karlsson wins face-off versus Christian Hanson in neutral zone.
12:39 of 1st period - Wrist shot by Dany Roussin.
12:39 of 1st period - Shot Misses the Net.
12:47 of 1st period - Snap shot by Andrew Gordon.
12:47 of 1st period - Shot Blocked by Joey Ryan.
12:49 of 1st period - Wrist shot by Andrew Gordon.
12:49 of 1st period - Shot Misses the Net.
13:49 of 1st period - Snap shot by Andrew Gordon.
13:49 of 1st period - Stopped by Niklas Treutle with a rebound.
13:51 of 1st period - Wrist shot by Shea Theodore.
13:51 of 1st period - Shot Misses the Net.
14:01 of 1st period - Shane Sims is hit by Austin Wuthrich and loses puck.
14:24 of 1st period - Snap shot by Eric Fehr.
14:24 of 1st period - Shot Misses the Net.
14:53 of 1st period - Off-side.
14:54 of 1st period - Christian Hanson wins face-off versus Trevor Lewis in neutral zone.
15:19 of 1st period - Dany Roussin is hit by Leon Draisaitl and loses puck.
15:28 of 1st period - Snap shot by Dany Roussin.
15:28 of 1st period - Goal by Dany Roussin - River Frogs : 2 - Thunder : 2.
15:29 of 1st period - Christian Hanson wins face-off versus William Karlsson in neutral zone.
15:37 of 1st period - Snap shot by William Karlsson.
15:37 of 1st period - Shot Blocked by Christian Hanson.
16:03 of 1st period - Snap shot by Leon Draisaitl.
16:03 of 1st period - Shot Misses the Net.
16:17 of 1st period - Slapshot by Shane Sims.
16:17 of 1st period - Shot Blocked by Joey Ryan.
16:19 of 1st period - Wrist shot by James Livingstone.
16:19 of 1st period - Stopped by Niklas Treutle with a rebound.
16:21 of 1st period - Slapshot by Aaron Ness.
16:21 of 1st period - Shot Misses the Net.
16:23 of 1st period - Wrist shot by James Livingstone.
16:23 of 1st period - Goal by James Livingstone - River Frogs : 3 - Thunder : 2.
16:24 of 1st period - Christian Hanson wins face-off versus William Karlsson in neutral zone.
16:27 of 1st period - Snap shot by Matt Calvert.
16:27 of 1st period - Shot Blocked by Peter Andersson.
16:29 of 1st period - Wrist shot by Christian Hanson.
16:29 of 1st period - Shot Blocked by Derek Forbort.
17:09 of 1st period - Snap shot by David Wolf.
17:09 of 1st period - Shot Blocked by Aaron Ness.
17:11 of 1st period - Snap shot by Zach Stepan.
17:11 of 1st period - Stopped by Phoenix Copley with a rebound.
17:13 of 1st period - Slapshot by Joey Ryan.
17:13 of 1st period - Shot Blocked by Shane Sims.
17:17 of 1st period - Snap shot by Jamie McGinn.
17:17 of 1st period - Stopped by Phoenix Copley with a rebound.
17:19 of 1st period - Slapshot by Olli Maatta.
17:19 of 1st period - Stopped by Phoenix Copley without a rebound.
17:20 of 1st period - Christian Hanson wins face-off versus Dany Roussin in River Frogs zone.
17:35 of 1st period - Wrist shot by Matt Calvert.
17:35 of 1st period - Shot Misses the Net.
17:47 of 1st period - Austin Wuthrich is hit by Jared Knight and loses puck.
17:58 of 1st period - Slapshot by Timothy Kunes.
17:58 of 1st period - Shot Misses the Net.
18:00 of 1st period - Slapshot by Timothy Kunes.
18:00 of 1st period - Shot Blocked by Joey Ryan.
19:13 of 1st period - Jared Knight is hit by Trevor Lewis and loses puck.
19:34 of 1st period - Slapshot by Shane Sims.
19:34 of 1st period - Stopped by Niklas Treutle without a rebound.
19:35 of 1st period - William Karlsson wins face-off versus Christian Hanson in Thunder zone.
19:44 of 1st period - Snap shot by Matt Calvert.
19:44 of 1st period - Shot Misses the Net.
19:46 of 1st period - Slapshot by Timothy Kunes.
19:46 of 1st period - Shot Blocked by Jesper Pettersson.
Goals for this period are 3 for River Frogs vs 2 for Thunder.
Shots for this period are 9 for River Frogs vs 7 for Thunder.
2nd period
0:01 of 2nd period - William Karlsson wins face-off versus Christian Hanson in neutral zone.
0:04 of 2nd period - Wrist shot by Eric Fehr.
0:04 of 2nd period - Stopped by Phoenix Copley with a rebound.
0:06 of 2nd period - Snap shot by Dany Roussin.
0:06 of 2nd period - Stopped by Phoenix Copley without a rebound.
0:07 of 2nd period - William Karlsson wins face-off versus Christian Hanson in River Frogs zone.
0:38 of 2nd period - Snap shot by Justin Florek.
0:38 of 2nd period - Shot Misses the Net.
1:03 of 2nd period - Wrist shot by Zach Stepan.
1:03 of 2nd period - Shot Misses the Net.
1:05 of 2nd period - Snap shot by Austin Poganski.
1:05 of 2nd period - Deflect By Jamie McGinn.
1:05 of 2nd period - Stopped by Phoenix Copley with a rebound.
1:07 of 2nd period - Wrist shot by Zach Stepan.
1:07 of 2nd period - Goal by Zach Stepan - River Frogs : 3 - Thunder : 3.
1:08 of 2nd period - Christian Hanson wins face-off versus Eric Fehr in neutral zone.
1:48 of 2nd period - Minor Penalty to Leon Draisaitl for High sticking.
1:49 of 2nd period - Andrew Gordon wins face-off versus Dany Roussin in River Frogs zone.
3:48 of 2nd period - Penalty to Leon Draisaitl is over, Leon Draisaitl is back on ice.
4:09 of 2nd period - Snap shot by Zach Stepan.
4:09 of 2nd period - Goal by Zach Stepan - River Frogs : 3 - Thunder : 4.
4:10 of 2nd period - Christian Hanson wins face-off versus Zach Stepan in neutral zone.
4:26 of 2nd period - Off-side.
4:27 of 2nd period - Leon Draisaitl wins face-off versus William Karlsson in neutral zone.
4:32 of 2nd period - Snap shot by Justin Florek.
4:32 of 2nd period - Stopped by Niklas Treutle without a rebound.
4:33 of 2nd period - William Karlsson wins face-off versus Justin Florek in Thunder zone.
5:20 of 2nd period - Wrist shot by Jamie McGinn.
5:20 of 2nd period - Stopped by Phoenix Copley without a rebound.
5:21 of 2nd period - Jared Knight wins face-off versus Zach Stepan in River Frogs zone.
5:32 of 2nd period - Wrist shot by Jamie McGinn.
5:32 of 2nd period - Shot Misses the Net.
5:34 of 2nd period - Backhand shot by Jesper Pettersson.
5:34 of 2nd period - Stopped by Phoenix Copley without a rebound.
5:35 of 2nd period - William Karlsson wins face-off versus Christian Hanson in River Frogs zone.
5:47 of 2nd period - Timothy Kunes is hit by Peter Andersson and loses puck.
5:50 of 2nd period - Snap shot by Andrew Gordon.
5:50 of 2nd period - Shot Misses the Net.
5:56 of 2nd period - Minor Penalty to Derek Forbort for High sticking.
5:57 of 2nd period - Eric Fehr wins face-off versus Christian Hanson in Thunder zone.
6:56 of 2nd period - Aaron Ness is hit by Trevor Lewis.
7:18 of 2nd period - Peter Andersson is hit by Leon Draisaitl and loses puck.
7:56 of 2nd period - Penalty to Derek Forbort is over, Derek Forbort is back on ice.
8:23 of 2nd period - Minor Penalty to Jamie McGinn for Boarding.
8:24 of 2nd period - Leon Draisaitl wins face-off versus Eric Fehr in Thunder zone.
8:25 of 2nd period - Snap shot by Justin Florek.
8:25 of 2nd period - Stopped by Niklas Treutle with a rebound.
8:27 of 2nd period - Wrist shot by Justin Florek.
8:27 of 2nd period - Shot Blocked by Joey Ryan.
8:49 of 2nd period - Shane Sims is hit by Trevor Lewis and loses puck.
10:23 of 2nd period - Penalty to Jamie McGinn is over, Jamie McGinn is back on ice.
10:26 of 2nd period - Trevor Lewis is hit by James Livingstone and loses puck.
10:31 of 2nd period - Slapshot by Ondrej Kase.
10:31 of 2nd period - Stopped by Niklas Treutle with a rebound.
11:33 of 2nd period - Snap shot by Eric Fehr.
11:33 of 2nd period - Stopped by Phoenix Copley with a rebound.
12:52 of 2nd period - Trevor Lewis is hit by Shane Sims and loses puck.
13:39 of 2nd period - Joakim Nordstrom is hit by Peter Andersson and loses puck.
13:50 of 2nd period - Olli Maatta is hit by Timothy Kunes and loses puck.
14:01 of 2nd period - Austin Watson is hit by Austin Poganski.
14:20 of 2nd period - Zach Stepan is hit by Aaron Ness and loses puck.
14:33 of 2nd period - Wrist shot by Zach Stepan.
14:33 of 2nd period - Shot Misses the Net.
14:35 of 2nd period - Wrist shot by Jamie McGinn.
14:35 of 2nd period - Shot Misses the Net.
14:37 of 2nd period - Snap shot by Zach Stepan.
14:37 of 2nd period - Shot Blocked by Aaron Ness.
14:39 of 2nd period - Snap shot by Jamie McGinn.
14:39 of 2nd period - Deflect By Zach Stepan.
14:39 of 2nd period - Stopped by Phoenix Copley with a rebound.
14:41 of 2nd period - Snap shot by Jamie McGinn.
14:41 of 2nd period - Shot Misses the Net.
14:43 of 2nd period - Slapshot by Gianluca Curcuruto.
14:43 of 2nd period - Stopped by Phoenix Copley with a rebound.
14:45 of 2nd period - Slapshot by Austin Poganski.
14:45 of 2nd period - Stopped by Phoenix Copley with a rebound.
14:47 of 2nd period - Snap shot by Derek Forbort.
14:47 of 2nd period - Deflect By Jamie McGinn.
14:47 of 2nd period - Shot Misses the Net.
14:47 of 2nd period - Puck is out of play.
14:48 of 2nd period - William Karlsson wins face-off versus Christian Hanson in River Frogs zone.
14:57 of 2nd period - Snap shot by Andrew Gordon.
14:57 of 2nd period - Shot Blocked by Peter Andersson.
14:59 of 2nd period - Wrist shot by Andrew Gordon.
14:59 of 2nd period - Stopped by Niklas Treutle with a rebound.
15:01 of 2nd period - Wrist shot by Shea Theodore.
15:01 of 2nd period - Stopped by Niklas Treutle with a rebound.
15:03 of 2nd period - Slapshot by David Kolomatis.
15:03 of 2nd period - Shot Blocked by William Karlsson.
15:12 of 2nd period - Off-side.
15:13 of 2nd period - Trevor Lewis wins face-off versus Jared Knight in neutral zone.
15:18 of 2nd period - Wrist shot by Trevor Lewis.
15:18 of 2nd period - Shot Misses the Net.
15:28 of 2nd period - Snap shot by Timothy Kunes.
15:28 of 2nd period - Shot Misses the Net.
15:35 of 2nd period - Icing by Austin Wuthrich.
15:36 of 2nd period - Trevor Lewis wins face-off versus Christian Hanson in Thunder zone.
16:11 of 2nd period - Leon Draisaitl is hit by Austin Wuthrich and loses puck.
16:19 of 2nd period - Icing by Aaron Ness.
16:20 of 2nd period - Jared Knight wins face-off versus Zach Stepan in River Frogs zone.
16:36 of 2nd period - Slapshot by Jamie McGinn.
16:36 of 2nd period - Shot Blocked by Austin Watson.
16:50 of 2nd period - Slapshot by William Karlsson.
16:50 of 2nd period - Stopped by Phoenix Copley with a rebound.
17:29 of 2nd period - Zach Stepan is hit by Joakim Nordstrom and loses puck.
19:31 of 2nd period - Minor Penalty to Shea Theodore for Hooking.
19:32 of 2nd period - William Karlsson wins face-off versus Andrew Gordon in River Frogs zone.
Goals for this period are 0 for River Frogs vs 2 for Thunder.
Shots for this period are 5 for River Frogs vs 12 for Thunder.
3rd period
0:01 of 3rd period - William Karlsson wins face-off versus Andrew Gordon in neutral zone.
0:10 of 3rd period - Wrist shot by Eric Fehr.
0:10 of 3rd period - Stopped by Phoenix Copley with a rebound.
0:12 of 3rd period - Slapshot by Joey Ryan.
0:12 of 3rd period - Goal by Joey Ryan - River Frogs : 3 - Thunder : 5.
0:12 of 3rd period - Thomas Greiss enters game.
0:13 of 3rd period - Christian Hanson wins face-off versus William Karlsson in neutral zone.
0:16 of 3rd period - Slapshot by Andrew Gordon.
0:16 of 3rd period - Shot Blocked by Olli Maatta.
0:24 of 3rd period - Wrist shot by Dany Roussin.
0:24 of 3rd period - Shot Misses the Net.
0:26 of 3rd period - Slapshot by Joey Ryan.
0:26 of 3rd period - Stopped by Thomas Greiss with a rebound.
0:28 of 3rd period - Wrist shot by Eric Fehr.
0:28 of 3rd period - Stopped by Thomas Greiss without a rebound.
0:29 of 3rd period - David Wolf wins face-off versus Leon Draisaitl in River Frogs zone.
0:32 of 3rd period - Snap shot by David Wolf.
0:32 of 3rd period - Stopped by Thomas Greiss without a rebound.
0:33 of 3rd period - Trevor Lewis wins face-off versus Leon Draisaitl in River Frogs zone.
0:34 of 3rd period - Slapshot by David Wolf.
0:34 of 3rd period - Stopped by Thomas Greiss with a rebound.
0:36 of 3rd period - Slapshot by Olli Maatta.
0:36 of 3rd period - Stopped by Thomas Greiss with a rebound.
0:38 of 3rd period - Slapshot by Joey Ryan.
0:38 of 3rd period - Stopped by Thomas Greiss with a rebound.
0:40 of 3rd period - Wrist shot by Trevor Lewis.
0:40 of 3rd period - Shot Hit the Post.
0:42 of 3rd period - Slapshot by Olli Maatta.
0:42 of 3rd period - Stopped by Thomas Greiss with a rebound.
1:08 of 3rd period - Wrist shot by Eric Fehr.
1:08 of 3rd period - Shot Blocked by Anthony Bitetto.
1:24 of 3rd period - Snap shot by Austin Watson.
1:24 of 3rd period - Shot Misses the Net.
2:02 of 3rd period - Snap shot by Ryan Fitzgerald.
2:02 of 3rd period - Shot Misses the Net.
2:04 of 3rd period - Slapshot by David Kolomatis.
2:04 of 3rd period - Shot Blocked by Peter Andersson.
2:06 of 3rd period - Wrist shot by Justin Florek.
2:06 of 3rd period - Shot Blocked by Peter Andersson.
2:08 of 3rd period - Slapshot by David Kolomatis.
2:08 of 3rd period - Stopped by Niklas Treutle without a rebound.
2:09 of 3rd period - Christian Hanson wins face-off versus David Wolf in Thunder zone.
2:22 of 3rd period - Slapshot by Trevor Lewis.
2:22 of 3rd period - Shot Blocked by Anthony Bitetto.
2:34 of 3rd period - Dany Roussin is hit by Justin Florek and loses puck.
2:45 of 3rd period - Snap shot by Leon Draisaitl.
2:45 of 3rd period - Stopped by Niklas Treutle with a rebound.
2:47 of 3rd period - Slapshot by Anthony Bitetto.
2:47 of 3rd period - Deflect By Peter Andersson.
2:47 of 3rd period - Stopped by Niklas Treutle with a rebound.
2:53 of 3rd period - Minor Penalty to Derek Forbort for Interference.
2:54 of 3rd period - Eric Fehr wins face-off versus Christian Hanson in Thunder zone.
3:27 of 3rd period - Wrist shot by Emerson Etem.
3:27 of 3rd period - Stopped by Niklas Treutle with a rebound.
4:15 of 3rd period - Snap shot by William Karlsson.
4:15 of 3rd period - Stopped by Thomas Greiss without a rebound.
4:16 of 3rd period - Christian Hanson wins face-off versus William Karlsson in River Frogs zone.
4:47 of 3rd period - Eric Fehr is hit by Timothy Kunes and loses puck.
4:53 of 3rd period - Penalty to Derek Forbort is over, Derek Forbort is back on ice.
5:20 of 3rd period - Minor Penalty to Trevor Lewis for Slashing.
5:21 of 3rd period - Eric Fehr wins face-off versus Christian Hanson in Thunder zone.
5:36 of 3rd period - Slapshot by Timothy Kunes.
5:36 of 3rd period - Deflect By Eric Fehr.
5:36 of 3rd period - Stopped by Niklas Treutle without a rebound.
5:37 of 3rd period - Eric Fehr wins face-off versus Christian Hanson in Thunder zone.
5:44 of 3rd period - Wrist shot by Eric Fehr.
5:44 of 3rd period - Stopped by Thomas Greiss without a rebound.
5:45 of 3rd period - Eric Fehr wins face-off versus Christian Hanson in River Frogs zone.
6:16 of 3rd period - William Karlsson is hit by Leon Draisaitl and loses puck.
6:41 of 3rd period - Wrist shot by Peter Andersson.
6:41 of 3rd period - Stopped by Thomas Greiss with a rebound.
7:20 of 3rd period - Penalty to Trevor Lewis is over, Trevor Lewis is back on ice.
7:47 of 3rd period - Minor Penalty to Emil Johansson for Hooking.
7:48 of 3rd period - Leon Draisaitl wins face-off versus Eric Fehr in Thunder zone.
7:52 of 3rd period - Snap shot by Leon Draisaitl.
7:52 of 3rd period - Deflect By Justin Florek.
7:52 of 3rd period - Shot Misses the Net.
7:52 of 3rd period - Puck is out of play.
7:53 of 3rd period - Eric Fehr wins face-off versus Leon Draisaitl in Thunder zone.
7:53 of 3rd period - Eric Fehr is hit by Justin Florek.
8:11 of 3rd period - Olli Maatta is hit by Leon Draisaitl and loses puck.
8:20 of 3rd period - Snap shot by Leon Draisaitl.
8:20 of 3rd period - Stopped by Niklas Treutle with a rebound.
8:45 of 3rd period - Peter Andersson is hit by Leon Draisaitl and loses puck.
9:00 of 3rd period - Slapshot by Emerson Etem.
9:00 of 3rd period - Shot Misses the Net.
9:02 of 3rd period - Snap shot by Aaron Ness.
9:02 of 3rd period - Shot Misses the Net.
9:04 of 3rd period - Slapshot by Justin Florek.
9:04 of 3rd period - Goal by Justin Florek - River Frogs : 4 - Thunder : 5.
9:05 of 3rd period - William Karlsson wins face-off versus Christian Hanson in neutral zone.
9:30 of 3rd period - Timothy Kunes is hit by Austin Wuthrich and loses puck.
10:05 of 3rd period - Ryan Fitzgerald is hit by Jesper Pettersson and loses puck.
10:38 of 3rd period - Trevor Lewis is hit by Aaron Ness and loses puck.
10:43 of 3rd period - Wrist shot by Leon Draisaitl.
10:43 of 3rd period - Shot Blocked by Olli Maatta.
10:53 of 3rd period - Snap shot by Austin Watson.
10:53 of 3rd period - Stopped by Niklas Treutle without a rebound.
10:54 of 3rd period - Jared Knight wins face-off versus Jordan Weal in Thunder zone.
10:57 of 3rd period - Slapshot by Shea Theodore.
10:57 of 3rd period - Stopped by Niklas Treutle without a rebound.
10:58 of 3rd period - Eric Fehr wins face-off versus Jared Knight in Thunder zone.
11:03 of 3rd period - Ondrej Kase is hit by Peter Andersson.
11:09 of 3rd period - Slapshot by Peter Andersson.
11:09 of 3rd period - Stopped by Thomas Greiss with a rebound.
11:11 of 3rd period - Slapshot by Peter Andersson.
11:11 of 3rd period - Shot Blocked by Jared Knight.
11:13 of 3rd period - Slapshot by Jordan Weal.
11:13 of 3rd period - Shot Misses the Net.
12:32 of 3rd period - Ondrej Kase is hit by Eric Fehr and loses puck.
13:04 of 3rd period - Snap shot by Aaron Ness.
13:04 of 3rd period - Deflect By Leon Draisaitl.
13:04 of 3rd period - Deflect By Olli Maatta.
13:04 of 3rd period - Shot Misses the Net.
13:04 of 3rd period - Puck is out of play.
13:05 of 3rd period - Leon Draisaitl wins face-off versus William Karlsson in Thunder zone.
13:30 of 3rd period - Snap shot by Christian Hanson.
13:30 of 3rd period - Stopped by Niklas Treutle with a rebound.
13:32 of 3rd period - Snap shot by Andrew Gordon.
13:32 of 3rd period - Deflect By Matt Calvert.
13:32 of 3rd period - Stopped by Niklas Treutle with a rebound.
13:34 of 3rd period - Snap shot by Matt Calvert.
13:34 of 3rd period - Stopped by Niklas Treutle with a rebound.
13:48 of 3rd period - Shea Theodore is hit by Jamie McGinn and loses puck.
14:39 of 3rd period - Minor Penalty to Leon Draisaitl for Hooking.
14:40 of 3rd period - William Karlsson wins face-off versus Andrew Gordon in River Frogs zone.
14:43 of 3rd period - Slapshot by Eric Fehr.
14:43 of 3rd period - Deflect By Dany Roussin.
14:43 of 3rd period - Shot Misses the Net.
14:43 of 3rd period - Puck is out of play.
14:44 of 3rd period - William Karlsson wins face-off versus Andrew Gordon in River Frogs zone.
16:39 of 3rd period - Penalty to Leon Draisaitl is over, Leon Draisaitl is back on ice.
16:52 of 3rd period - Justin Florek is hit by Jamie McGinn and loses puck.
18:54 of 3rd period - Snap shot by Jamie McGinn.
18:54 of 3rd period - Goal by Jamie McGinn - River Frogs : 4 - Thunder : 6.
18:55 of 3rd period - Jordan Weal wins face-off versus Jared Knight in neutral zone.
18:57 of 3rd period - Derek Forbort is hit by Timothy Kunes and loses puck.
19:00 of 3rd period - Snap shot by Derek Forbort.
19:00 of 3rd period - Stopped by Thomas Greiss without a rebound.
19:01 of 3rd period - Jordan Weal wins face-off versus Jared Knight in River Frogs zone.
19:17 of 3rd period - Off-side.
19:18 of 3rd period - Leon Draisaitl wins face-off versus Zach Stepan in neutral zone.
19:30 of 3rd period - Minor Penalty to Jamie McGinn for Interference.
19:31 of 3rd period - Eric Fehr wins face-off versus Christian Hanson in Thunder zone.
19:56 of 3rd period - Joey Ryan is hit by Anthony Bitetto and loses puck.
Goals for this period are 1 for River Frogs vs 2 for Thunder.
Shots for this period are 12 for River Frogs vs 15 for Thunder.
Back to the Top